 Dungeon Crawl Stone Soup version 0.32-a0-868-g153ae1a8d6 (webtiles) character file.

Game seed: 7614618014951951470

256 Shayle the Ducker (level 6, 0/41 HPs)
             Began as a Coglin Alchemist on Mar 28, 2024.
             Was an Initiate of Beogh.
             Slain by Grinder (2 damage)
             ... on level 4 of the Dungeon.
             The game lasted 00:08:02 (2514 turns).

Shayle the Ducker (Coglin Alchemist)                Turns: 2514, Time: 00:08:03

Health: 0/41       AC: 10    Str: 11    XL:     6   Next: 16%
Magic:  17/17      EV: 11    Int: 20    God:    Beogh [......]
Gold:   74         SH:  0    Dex: 20    Spells: 4/8 levels left

rFire   . . .        l - +4 mace of Foed {vamp, Dex+3}
rCold   . . .        f - +0 whip {Gurmehar}
rNeg    . . .        x - +5 ring mail of Jigsaw {MP+9 Str+3 Int+3 Dex+3}
rPois   .            (no helmet)
rElec   .            (no cloak)
rCorr   .            (no gloves)
SInv    .            (no boots)
Will    .....        (amulet unavailable)
Stlth   ++           (ring unavailable)
HPRegen 0.26/turn    (ring unavailable)
MPRegen 0.15/turn    (no gizmo)

%: no passive effects
@: revving
A: off-hand wielding, slow wielding, warmup strikes, no jewellery
a: Invent Gizmo, Renounce Religion


You were on level 4 of the Dungeon.
You worshipped Beogh.
Beogh was noncommittal.
You visited 1 branch of the dungeon, and saw 4 of its levels.

You collected 170 gold pieces.
You spent 96 gold pieces at shops.

Inventory:

Hand Weapons
 c - a +0 whip {Uttamveer}
 e - a +2 whip of distortion
 f - a +0 whip (offhand) {Gurmehar}
 l - the +4 mace of Foed (weapon) {vamp, Dex+3}
   (You found it on level 2 of the Dungeon)

   Dex+3:     It affects your dexterity (+3).
 q - a +0 sling
 r - a +0 sling
 w - the +8 dagger of Disaster {distort, ^Contam rN++ Str+2}
   (You found it on level 3 of the Dungeon)

   Str+2:     It affects your strength (+2).
   rN++:      It greatly protects you from negative energy.
   ^Contam:   It causes magical contamination when unequipped.
Armour
 a - a +0 robe
 u - the +0 robe "Qadif" {rElec Int+5}
   (You bought it in a shop on level 2 of the Dungeon)

   Int+5:     It affects your intelligence (+5).
   rElec:     It insulates you from electricity.
 x - the +5 ring mail of Jigsaw (worn) {MP+9 Str+3 Int+3 Dex+3}
   (You found it on level 4 of the Dungeon)

   Str+3:     It affects your strength (+3).
   Int+3:     It affects your intelligence (+3).
   Dex+3:     It affects your dexterity (+3).
   MP+9:      It affects your magic capacity (+9).
Scrolls
 d - 5 scrolls of identify {unknown}
 h - a scroll of amnesia {unknown}
 i - a scroll of enchant weapon {unknown}
 o - 2 scrolls of fear {unknown}
 p - 2 scrolls of immolation {unknown}
 s - 2 scrolls of teleportation {unknown}
Potions
 b - a potion of magic
 g - a potion of degeneration {unknown}
 j - 2 potions of curing {unknown}
 k - a potion of heal wounds {unknown}
 m - 2 potions of lignification {unknown}
 n - a potion of mutation {unknown}
 t - a potion of resistance {unknown}
 v - a potion of might {unknown}


   Skills:
 + Level 3.3 Ranged Weapons
 + Level 3.9 Dodging
 - Level 1.5 Stealth
 - Level 1.7 Spellcasting
 - Level 0.8 Conjurations
 + Level 1.7 Fire Magic
 - Level 3.2 Alchemy


You had 4 spell levels left.
You knew the following spells:

 Your Spells              Type           Power      Damage    Failure   Level
a - Sting                 Conj/Alch      40%        1d5       17%         1
b - Mephitic Cloud        Conj/Alch/Air  7%         N/A       56%         3

Your spell library contained the following spells:

 Spells                   Type           Power      Damage    Failure   Level
 Mercury Vapours          Alch/Air       16%        N/A       30%         2
 Olgreb's Toxic Radiance  Alch           14%        N/A       71%         4
 Sticky Flame             Fire/Alch      11%        2d5       80%         4


Dungeon Overview and Level Annotations

Branches:
Dungeon (4/15)
 Temple: D:4-7

Altars:

Shops:
D:2 [

Annotations:
D:4 Grinder


Innate Abilities, Weirdness & Mutations

You can wield a second weapon in your off-hand.
It takes a long time for you to wield or remove held weapons.
Your first few attacks do less damage.
You cannot equip rings or amulets.


Message History

You suddenly lose the ability to move!
Grinder gestures at you. You resist with significant effort. Grinder hits you.
You writhe in agony.
Grinder hits you but does no damage. Grinder hits you.
You writhe in agony.
* * * LOW HITPOINT WARNING * * *
You can move again.
Unknown command.
You barely miss Grinder with the +4 mace of Foed.
Grinder is heavily wounded.
You hit Grinder with your +0 whip. Grinder closely misses you.
You completely miss Grinder with the +4 mace of Foed.
Grinder is severely wounded.
You hit Grinder with your +0 whip.
Grinder blinks!
There is an open door here.
You close the door.
You start resting.
Grinder opens the door.
Grinder gestures at you. You resist with significant effort.
There is an open door here.
You closely miss Grinder with the +4 mace of Foed.
Grinder is severely wounded.
You hit Grinder but do no damage.
Grinder blinks!
You close the door.
You start resting.
Grinder opens the door.
Grinder gestures at you. Pain shoots through your body!
* * * LOW HITPOINT WARNING * * *
There is a broken door here.
You hit Grinder with your +0 whip.
Grinder is severely wounded.
You closely miss Grinder with the +4 mace of Foed.
Grinder hits you!
* * * LOW HITPOINT WARNING * * *
You writhe in agony.
You die...
Grinder says, "Now the real fun starts!"

#...# #...# ###### #...#
.....# #...# .....# #5..#
.....# ######...#####
.....# #######....+........
.....###).......###...#####
.......'.......5@....).....
....####........######.....
....# #........# .#.##
....# #######+## # .. ....+
. ....# ....# ....# .#.##


You could see Grinder.

Vanquished Creatures
  A scorpion (D:4)
  A hound (D:4)
  An orc priest (D:4)
  An orc wizard (D:4)
  4 adders
  A dart slug (D:2)
  7 orcs
  2 endoplasms (D:1)
  4 giant cockroaches
  6 goblins
  5 hobgoblins
  2 jackals (D:2)
  8 kobolds
  4 quokkas
  5 ball pythons
  5 bats
  4 frilled lizards (D:1)
  15 rats
76 creatures vanquished.

Notes
Turn   | Place    | Note
-------+----------+-------------------------------------------
     0 | D:1      | Shayle the Coglin Alchemist began the quest for the Orb.
     0 | D:1      | Reached XP level 1. HP: 13/13 MP: 3/3
   207 | D:1      | Reached XP level 2. HP: 19/19 MP: 1/4
   253 | D:1      | Reached skill level 1 in Ranged Weapons
   624 | D:1      | Reached XP level 3. HP: 23/24 MP: 5/5
   830 | D:1      | You fall into a shaft and drop 1 floor!
   922 | D:2      | Identified the +4 mace of Foed {vamp, Dex+3}
  1123 | D:2      | Reached XP level 4. HP: 30/30 MP: 6/6
  1381 | D:2      | Found Erauff's Antique Armour Emporium.
  1389 | D:2      | Bought a shimmering robe for 96 gold pieces
  1389 | D:2      | Identified the +0 robe "Qadif" {rElec Int+5} (You bought it
                  | in a shop on level 2 of the Dungeon)
  1600 | D:3      | Identified the +8 dagger of Disaster {distort, ^Contam rN++
                  | Str+2}
  1813 | D:3      | Learned a level 3 spell: Mephitic Cloud
  2197 | D:4      | Reached XP level 5. HP: 29/35 MP: 3/7
  2199 | D:4      | Reached skill level 1 in Fire Magic
  2234 | D:4      | Became a worshipper of Beogh the Shepherd
  2256 | D:4      | Identified the +5 ring mail of Jigsaw {MP+9 Str+3 Int+3
                  | Dex+3}
  2421 | D:4      | Reached XP level 6. HP: 41/41 MP: 8/8
  2468 | D:4      | Noticed Grinder
  2473 | D:4      | Paralysed by Grinder for 3 turns
  2492 | D:4      | Paralysed by Grinder for 5 turns
  2514 | D:4      | HP: 2/41 [Grinder (7)]
  2514 | D:4      | Slain by Grinder

Illustrated notes

Levels and vault maps discovered:
D:1:      minmay_arrival_doors, layout_loops_ring,
          shapermc_ecumenical_altar_rom_forum, minmay_rat_gold_closets
D:2:      layout_basic, serial_shops, shop, minmay_pentomino_t4
D:3:      layout_basic, grunt_decor_resistance
D:4:      layout_basic, kennysheep_generic_room_15, uniq_eustachio, uniq_grinder

Skill      XL: |  1  2  3  4  5 |
---------------+----------------+-----
Dodging        | 2 3 |  3.9
Ranged Weapons | 1 2 3 |  3.3
Fire Magic     | 1 |  1.7
Stealth        | |  1.5
Spellcasting   | |  1.7
Conjurations   | |  0.8
Alchemy        | |  3.2

Action                     |  1- 3 |  4- 6 || total
---------------------------+-------+-------++-------
  Melee: Unarmed           |     1 |       ||     1
         Whip              |    85 |    52 ||   137
         Mace              |     8 |    60 ||    68
   Cast: Sting             |    33 |    13 ||    46
         Mephitic Cloud    |       |     1 ||     1
 Invoke: Convert to Beogh  |       |     1 ||     1
   Stab: Sleeping          |     6 |     3 ||     9
 Armour: Robe              |    35 |    12 ||    47
         Ring mail         |       |    22 ||    22
  Dodge: Dodged            |    46 |    44 ||    90

Table legend: (Time is in decaauts)
 A = Elapsed time spent in this place.
 B = Non-inter-level travel time spent in this place.
 C = Inter-level travel time spent in this place.
 D = Time resting spent in this place.
 E = Time spent auto-exploring this place.
 F = Levels seen in this place.
 G = Mean time per level.
                   A        B        C        D        E       F      G
               +--------+--------+--------+--------+--------+-----+--------+
         Total |   2535 |   2481 |     54 |    290 |   1446 |   4 |  633.8 |
       Dungeon |   2535 |   2481 |     54 |    290 |   1446 |   4 |  633.8 |
               +--------+--------+--------+--------+--------+-----+--------+

Top non-repeatable levels by time:
     D:1: 834 daAuts
     D:3: 669 daAuts
     D:2: 632 daAuts
     D:4: 398 daAuts
